 Dungeon Crawl Stone Soup version 0.31-a0-940-gdaa99269f9 (webtiles) character file.

Game seed: 6485385371671593291

4 Azuregosa the Sneak (level 1, 0/16 HPs)
             Began as an Octopode Delver on Oct 20, 2023.
             Slain by an orc priest
             ... wielding a +0 short sword
              (1 damage)
             ... on level 4 of the Dungeon.
             The game lasted 00:03:01 (282 turns).

Azuregosa the Sneak (Octopode Delver)                Turns: 282, Time: 00:03:01

Health: 0/16       AC:  1    Str: 11    XL:     1   Next: 60%
Magic:  1/1        EV: 13    Int: 12    God:
Gold:   10         SH:  0    Dex: 13    Spells: 0/0 levels left

rFire   . . .        a - +0 falchion
rCold   . . .        (no shield)
rNeg    . . .        (helmet restricted)
rPois   .            (no amulet)
rElec   .            (no ring)
rCorr   .            (no ring)
SInv    .            (no ring)
Will    .....        (no ring)
Stlth   ++++         (no ring)
HPRegen 0.22/turn    (no ring)
MPRegen 0.07/turn    (no ring)
                     (no ring)

%: no passive effects
@: no status effects
A: almost no armour, amphibious, 8 rings, camouflage 1, gelatinous body 1,
(nimble swimmer 1), tentacles
a: no special abilities


You were on level 4 of the Dungeon.
You visited 2 branches of the dungeon, and saw 3 of its levels.

You collected 10 gold pieces.

Inventory:

Hand Weapons
 a - a +0 falchion (weapon)
Missiles
 c - 5 stones
Wands
 f - a wand of digging (3)
Scrolls
 b - a scroll of fog
 d - a scroll of amnesia {unknown}
Potions
 e - a potion of haste
 g - 2 potions of ambrosia {unknown}


   Skills:
 - Level 3.0 Fighting
 - Level 2.0 Long Blades
 - Level 2.0 Dodging
 + Level 6.9 Stealth


You couldn't memorise any spells.
You didn't know any spells.
Your spell library was empty.

Dungeon Overview and Level Annotations

Branches:
Dungeon (5/15)             Temple (1/1) D:4

Altars:
Cheibriados
Gozag
Hepliaklqana
Kikubaaqudgha
Nemelex Xobeh
Qazlal
Ru
Sif Muna
Uskayaw
Vehumet
Wu Jian
Xom
Zin
The Shining One


Innate Abilities, Weirdness & Mutations

You cannot wear most types of armour.
You are amphibious.
You can wear up to eight rings at the same time.
Your skin changes colour to match your surroundings (Stealth+).
Your rubbery body absorbs attacks. (AC +1, EV +1)
((You are camouflaged when in or above water. (Stealth+)))
You have tentacles for arms and can constrict up to eight enemies at once.


Message History

You climb downwards.
Found an escape hatch in the floor.
There is a stone staircase leading up here.
You start resting.
HP restored.
You climb upwards.
There is a stone staircase leading down here.
You open the door.
There is an open door here.
Found a leather armour.
Found a murky pink potion.
Found a scroll labelled OJA FOXKEM.
An orc comes into view. It is wielding a +0 flail.
An orc comes into view. It is wielding a +0 club.
You see here a scroll labelled OJA FOXKEM.
d - a scroll labelled OJA FOXKEM The helpless orc fails to defend itself.
You hit the orc. You grab the orc.
The orc is severely wounded.
You constrict the orc.
You kill the orc!
You completely miss the orc. Your grab misses the orc.
The orc hits you with a +0 flail.
You hit the orc. You grab the orc. You squeeze the orc.
You kill the orc!
You start resting.
An orc comes into view. It is wielding a +0 dagger.
An orc priest comes into view. It is wielding a +0 short sword.
The orc shouts!
The orc priest shouts!
The orc priest mumbles some strange prayers to Beogh against you.
Beogh smites you!
Ouch! That really hurt!
* * * LOW HITPOINT WARNING * * *
The orc priest barely misses you.
You hit the orc priest. Your grab misses the orc priest.
The orc priest is moderately wounded.
The orc barely misses you.
The orc priest casts a cantrip, but nothing happens.
The orc priest hits you with a +0 short sword.
You die...

############
#..........#
#!.........#
#..........#
#..........#
######........).#
#....o@o.)#######
......##...#
##.##.####.### .
#........#
o...###.#.# .# #
.... #[..# #.# #.
....###.# #.# #.
........# #.#
#... .######.#
#.# #.##


You could see an orc priest and an orc.

Vanquished Creatures
  2 orcs (D:4)
2 creatures vanquished.

Notes
Turn   | Place    | Note
-------+----------+-------------------------------------------
     0 | D:5      | Azuregosa the Octopode Delver began the quest for the Orb.
     0 | D:5      | Reached XP level 1. HP: 16/16 MP: 1/1
    78 | D:5      | Noticed a scorpion
   125 | D:5      | Found a glowing silver altar of Zin.
   163 | D:4      | Found a staircase to the Ecumenical Temple.
   165 | D:4      | Noticed an iguana
   173 | Temple   | Entered the Ecumenical Temple
   277 | D:4      | Noticed an orc priest
   282 | D:4      | Slain by an orc priest

Illustrated notes

Levels and vault maps discovered:
D:4:      layout_basic, pf_just_have_faith, ashenzari_altar_1,
          minmay_temple_entry_statues_fountains, uniq_edmund
D:5:      minmay_general_purpose_star, layout_gridville, kennysheep_mini_moat
Temple:   nicolae_temple_god_jail

Action                     || total
---------------------------++-------
  Melee: Falchion          ||     8
         Constrict         ||     3
         Tentacles         ||     1
    Use: Scroll            ||     2
   Stab: Sleeping          ||     1
 Armour: Skin              ||     5
  Dodge: Dodged            ||    12

Table legend: (Time is in decaauts)
 A = Elapsed time spent in this place.
 B = Non-inter-level travel time spent in this place.
 C = Inter-level travel time spent in this place.
 D = Time resting spent in this place.
 E = Time spent auto-exploring this place.
 F = Levels seen in this place.
 G = Mean time per level.
                   A        B        C        D        E       F      G
               +--------+--------+--------+--------+--------+-----+--------+
         Total |    284 |    284 |      0 |     40 |      7 |   3 |   94.7 |
       Dungeon |    282 |    282 |      0 |     40 |      7 |   2 |  141.0 |
        Temple |      1 |      1 |      0 |      0 |      0 |   1 |    1.0 |
               +--------+--------+--------+--------+--------+-----+--------+

Top non-repeatable levels by time:
     D:5: 192 daAuts
     D:4: 90 daAuts
  Temple: 1 daAuts
